 Dungeon Crawl Stone Soup version 0.25.0-3-gd7cc5688da (webtiles) character file.

Game seed: 3119181489789075621

1200 HungrySpirit the Chopper (level 8, 0/66 HPs)
             Began as a Demigod Warper on June 15, 2020.
             Slain by an orc warrior
             ... wielding a +0 halberd of freezing
              (5 damage)
             ... on level 6 of the Dungeon.
             The game lasted 00:13:35 (8395 turns).

HungrySpirit the Chopper (Demigod Warper)           Turns: 8395, Time: 00:13:37

Health: 0/66       AC: 10    Str: 18      XL:     8   Next: 1%
Magic:  17/17      EV:  9    Int: 17      God:
Gold:   287        SH:  4    Dex: 11 (15) Spells: 14/14 levels left

rFire    . . .     SeeInvis .   a - +0 hand axe
rCold    . . .     Gourm    .   G - +0 buckler
rNeg     . . .     Faith    .   h - +0 scale mail
rPois    .         Spirit   .   r - +2 helmet
rElec    .         Reflect  .   (no cloak)
rCorr    .         Harm     .   (no gloves)
MR       .....                  (no boots)
Stlth    +.........             (no amulet)
HPRegen  0.21/turn              u - ring of stealth
MPRegen  0.15/turn              (no ring)

@: slowed, very slow
A: high mp 1
a: no special abilities


You were on level 6 of the Dungeon.
You were hungry.

You visited 1 branch of the dungeon, and saw 6 of its levels.

You collected 287 gold pieces.

Inventory:

Hand Weapons
 a - a +0 hand axe (weapon)
 s - a +0 war axe
 B - a +2 trident of flaming
Missiles
 y - 23 poisoned darts (quivered)
 A - 2 boomerangs
 C - an atropa-tipped dart
Armour
 h - a +0 scale mail (worn)
 r - a +2 helmet (worn)
 G - a +0 buckler (worn)
Jewellery
 u - a ring of stealth (left hand)
 F - an uncursed ring of fire
 K - the ring of Garryf {rElec rN+ EV+4 Str+3 Stlth+, unknown}
   (You found it on level 6 of the Dungeon)

   [ring of evasion]

   It affects your evasion (+4).
   It affects your strength (+3).
   It insulates you from electricity.
   It protects you from negative energy.
   It makes you more stealthy.
Wands
 d - a wand of flame (17)
 w - a wand of random effects (17)
 x - a wand of iceblast (2)
Scrolls
 b - 2 scrolls of magic mapping {unknown}
 c - 5 scrolls of remove curse
 j - a scroll of fear {unknown}
 k - a scroll of amnesia {unknown}
 l - 7 scrolls of identify {unknown}
 m - 3 scrolls of blinking
 n - 4 scrolls of teleportation {unknown}
 o - a scroll of immolation {unknown}
 t - 2 scrolls of enchant weapon {unknown}
 D - 4 scrolls of enchant armour
 I - a scroll of acquirement {unknown}
Potions
 g - 2 potions of lignification
 i - a potion of might {unknown}
 p - 2 potions of curing {unknown}
 q - 2 potions of stabbing {unknown}
 v - 2 potions of magic {unknown}
 z - a potion of ambrosia {unknown}
 E - a potion of resistance {unknown}
 H - 2 potions of heal wounds {unknown}
 J - a potion of degeneration {unknown}
Comestibles
 f - 7 rations


   Skills:
 + Level 4.1 Fighting
 * Level 5.8 Axes
 - Level 0.8 Throwing
 + Level 3.8 Armour
 - Level 1.7 Dodging
 + Level 1.9 Shields
 + Level 3.9 Spellcasting
   Level 2.6 Translocations


You had 14 spell levels left.
You didn't know any spells.
Your spell library contained the following spells:

 Spells                   Type           Power        Failure   Level  Hunger
 Blink                    Tloc           N/A          32%         2    ##.....
 Shroud of Golubria       Chrm/Tloc      #.....       50%         2    ##.....
 Freeze                   Ice            #...         54%         1    None
 Gell's Gravitas          Tloc           ##........   54%         3    ###....
 Lesser Beckoning         Tloc           ##........   54%         3    ###....
 Teleport Other           Tloc           ##......     54%         3    ###....
 Ensorcelled Hibernation  Hex/Ice        #.....       67%         2    ##.....
 Poisonous Vapours        Pois/Air       #.....       67%         2    ##.....
 Static Discharge         Conj/Air       #.......     88%         3    ###....
 Passage of Golubria      Tloc           N/A          91%         4    ####...
 Silence                  Hex/Air        #.........   100%        5    ######.
 Conjure Ball Lightning   Conj/Air       #.........   100%        6    #######


Dungeon Overview and Level Annotations

Branches:
Dungeon (6/15)             Temple (0/1) D:4

Annotations:
D:3 2 transporters, HungrySpirit's ghost, amateur DgWr
D:6 1 runed translucent door


Innate Abilities, Weirdness & Mutations

You have an increased reservoir of magic. (+10% MP)


Message History

The orc wizard hits you with a +0 dagger.
The orc wizard closely misses you.
The orc wizard hits you but does no damage.
The orc wizard casts a spell.
The orc wizard blinks!
The orc wizard barely misses you.
The orc wizard hits you but does no damage.
The orc warrior hits you from afar with a +0 halberd of freezing.
The orc warrior freezes you.
The orc wizard hits you but does no damage.
The orc wizard barely misses you.
Things that are here:
a +0 war axe; an orc corpse The orc wizard gestures at you while chanting.
The magic dart hits you.
* * * LOW HITPOINT WARNING * * *
The orc warrior hits you from afar with a +0 halberd of freezing!
* * * LOW HITPOINT WARNING * * *
The orc warrior freezes you.
You die...

.###.......## ##.##
o# ##.....## #(# .#
##...## #.# .#
##'## #)# .#
##.###### #(# ##
#.......# #.#
#..####.# #.#
######...###.####.#
..............oo@.#
####.......#.######
###..####.#
#.#####.# #.......#
#########


You could see an orc warrior and an orc wizard (fast).

Vanquished Creatures
  Sigmund (D:3)
  A sky beast (D:3)
  An ice beast (D:6)
  A centaur (D:4)
  A scorpion (D:6)
  A water moccasin skeleton (D:6)
  A crimson imp (D:5)
  A quasit (D:6)
  3 orc wizards
  4 orc priests
  2 hounds
  Ijyb (D:3)
  3 worker ants
  Robin (D:2)
  13 adders
  3 gnolls (D:4)
  An adder skeleton (D:5)
  6 worms
  A dart slug (D:1)
  5 leopard geckos
  17 orcs
  A ball python (D:5)
  A giant cockroach (D:2)
  17 goblins
  11 hobgoblins
  7 jackals
  7 kobolds
  3 bats
  2 frilled lizards
  A quokka skeleton (D:5)
  12 rats
130 creatures vanquished.

Notes
Turn   | Place    | Note
-------+----------+-------------------------------------------
     0 | D:1      | HungrySpirit the Demigod Warper began the quest for the
                  | Orb.
     0 | D:1      | Reached XP level 1. HP: 17/17 MP: 5/5
   299 | D:1      | Reached skill level 1 in Armour
   305 | D:1      | Reached skill level 2 in Axes
   323 | D:1      | Reached XP level 2. HP: 20/24 MP: 7/7
   912 | D:2      | Reached XP level 3. HP: 25/29 MP: 8/8
  1637 | D:2      | Reached XP level 4. HP: 23/37 MP: 10/10
  1841 | D:2      | Reached skill level 3 in Axes
  1917 | D:2      | Noticed Robin
  2329 | D:2      | Killed Robin
  2816 | D:3      | Noticed a sky beast
  2897 | D:3      | Found a transporter.
  2901 | D:3      | Found a transporter.
  2901 | D:3      | Noticed HungrySpirit's ghost (amateur DgWr)
  3017 | D:3      | Noticed Sigmund
  3037 | D:3      | Killed Sigmund
  3037 | D:3      | Reached XP level 5. HP: 19/45 MP: 10/12
  3328 | D:3      | Reached skill level 4 in Axes
  3677 | D:3      | Found a hide-covered altar of Uskayaw.
  3850 | D:3      | Killed a sky beast
  3850 | D:3      | Reached XP level 6. HP: 51/51 MP: 13/13
  4069 | D:3      | Noticed Ijyb
  4070 | D:3      | Paralysed by Ijyb for 6 turns
  4083 | D:3      | Paralysed by Ijyb for 4 turns
  4095 | D:3      | Paralysed by Ijyb for 3 turns
  4134 | D:3      | Killed Ijyb
  4914 | D:4      | Found an opulent altar of Gozag.
  4980 | D:4      | Found a staircase to the Ecumenical Temple.
  5053 | D:4      | Found a sparkling altar of Nemelex Xobeh.
  5107 | D:4      | Reached XP level 7. HP: 21/57 MP: 15/15
  5660 | D:5      | Entered Level 5 of the Dungeon
  5661 | D:5      | Found a basalt altar of Yredelemnul.
  5684 | D:5      | Identified the Grimoire of Feathers and Cold
  5727 | D:5      | Reached skill level 5 in Axes
  6001 | D:5      | Reached skill level 1 in Shields
  6020 | D:5      | Paralysed by a crimson imp for 6 turns
  6381 | D:5      | Found an ornate altar of the Wu Jian Council.
  6461 | D:5      | Found a burning altar of Makhleb.
  6462 | D:5      | Found a shimmering altar of Xom.
  6480 | D:5      | Found an ancient bone altar of Kikubaaqudgha.
  6623 | D:5      | Paralysed by a crimson imp for 2 turns
  7831 | D:6      | Got a glittering lapis lazuli ring
  7964 | D:6      | Found a runed translucent door.
  7964 | D:6      | Noticed a human
  8212 | D:6      | Reached XP level 8. HP: 66/66 MP: 17/17
  8395 | D:6      | Slain by an orc warrior

Illustrated notes

Levels and vault maps discovered:
D:1:      co_arrival_square_in_a_square_in_a_square, layout_loops_ring,
          chequers_jeans, minmay_three_crescents
D:2:      layout_basic, first_ration, uniq_robin
D:3:      kennysheep_goblin_castle, layout_rooms,
          eat_drink_and_be_merry_uskayaw, gammafunk_ghost_arena, uniq_sigmund,
          uniq_ijyb
D:4:      layout_basic, nemelex_xobeh_ov_fountains_minmay,
          minmay_temple_entry_slanted, grunt_ministairs_13,
          nicolae_gozag_cash_rules_everything_around_me
D:5:      layout_basic, grunt_temple_overflow_champion_of_chaos,
          lemuel_round_altar, kiku_gazebo_pond_becter, old_standard_altar,
          cheibrodos_sewer_entry_sluice
D:6:      layout_loops_corners, dk_yredelemnul_ordeal

Skill      XL: |  1  2  3  4  5  6  7 |
---------------+----------------------+-----
Armour         | 1 2 3 |  3.8
Axes           | 2 3 4 5 |  5.8
Fighting       | 2 3 4 |  4.1
Spellcasting   | 2 3 |  3.9
Shields        | 1 |  1.9
Throwing       | |  0.8
Dodging        | |  1.7
Translocations | |  2.6

Action                   |  1- 3 |  4- 6 |  7- 9 || total
-------------------------+-------+-------+-------++-------
Melee: Hand axe          |   157 |   290 |   241 ||   688
Throw: Boomerang         |       |     2 |     3 ||     5
       Dart              |       |    15 |    48 ||    63
Evoke: Wand              |       |    12 |     1 ||    13
  Use: Scroll            |       |     1 |     3 ||     4
       Potion            |       |     1 |     2 ||     3
 Stab: Invisible         |       |     1 |    10 ||    11
  Eat: Chunk             |     3 |     7 |     7 ||    17
       Ration            |       |     1 |     1 ||     2
Armor: Scale mail        |    70 |   155 |   177 ||   402
       Skin              |       |       |    22 ||    22
Dodge: Dodged            |    94 |   139 |   150 ||   383
Block: Buckler           |       |     4 |    64 ||    68
